 Dungeon Crawl Stone Soup version 0.26.1-11-gd32895ea62 (webtiles) character file.

Game seed: 17184159617977946927

299 bigdumb the Slasher (level 6, -5/78 HPs)
             Began as a Draconian Fighter on June 19, 2021.
             Killed from afar by Ijyb (12 damage)
             ... with a bolt of acid
             ... on level 4 of the Dungeon.
             The game lasted 00:04:20 (3338 turns).

bigdumb the Slasher (Draconian Fighter)             Turns: 3338, Time: 00:04:20

Health: -5/78      AC: 19    Str: 20 (21) XL:     6   Next: 13%
Magic:  0/6        EV:  2    Int:  6 (8)  God:
Gold:   219        SH:  4    Dex:  8 (10) Spells: 5/5 levels left

rFire    . . .     SeeInvis .   d - +0 scimitar
rCold    . . .     Faith    .   j - +0 buckler
rNeg     + + +     Spirit   +   (armour unavailable)
rPois    +         Reflect  .   (helmet currently unavailable)
rElec    .         Harm     .   (cloak currently unavailable)
rCorr    .         Rampage  .   (gloves currently unavailable)
Will     .....     NoTele   +   (boots currently unavailable)
Stlth    +.........             f - amulet of guardian spirit
HPRegen  0.23/turn              (no ring)
MPRegen  0.10/turn              (no ring)

@: mighty, tree-form, corroded
A: unfitting armour, AC +6
a: no special abilities


You were on level 4 of the Dungeon.
You were a tree.
You visited 1 branch of the dungeon, and saw 4 of its levels.

You collected 219 gold pieces.

Inventory:

Hand Weapons
 a - a +0 long sword
 d - a +0 scimitar (weapon)
 l - a +1 dagger of draining
Armour
 b - a +0 kite shield
 j - a +0 buckler (worn)
 m - a +0 pair of boots (melded)
Jewellery
 f - an amulet of guardian spirit (around neck)
 g - an uncursed amulet of reflection
Wands
 p - a wand of enslavement (7)
Scrolls
 e - 3 scrolls of enchant armour {unknown}
 h - 2 scrolls of identify
 i - 2 scrolls of teleportation
 o - a scroll of amnesia {unknown}
 q - a scroll of fog {unknown}
Potions
 n - a potion of degeneration


   Skills:
 + Level 4.2 Fighting
 + Level 4.3 Long Blades
 + Level 3.8 Dodging
 + Level 1.1 Stealth
 + Level 3.8 Shields


You had 5 spell levels left.
You didn't know any spells.
Your spell library contained the following spells:

 Spells                   Type           Power        Failure   Level
 Corona                   Hex            0%           45%         1


Dungeon Overview and Level Annotations

Branches:
Dungeon (4/15)
 Temple: D:4-7

Altars:
Dithmenos
Kikubaaqudgha
Ru
Sif Muna
Vehumet

Annotations:
D:4 Ijyb


Innate Abilities, Weirdness & Mutations

((Your plain brown scales are hard. (AC +6)))
You cannot fit into any form of body armour.
((You are cold-blooded and may be slowed by cold attacks.))


Message History

Ijyb barely misses you.
You turn into a tree.
Your +0 pair of boots melds into your body.
Your roots penetrate the ground.
Ijyb hits you but does no damage.
You closely miss Ijyb.
Ijyb zaps a wand.
The bolt of acid hits you.
* * * LOW HITPOINT WARNING * * *
The acid corrodes you!
You are splashed with acid!
* * * LOW HITPOINT WARNING * * *
You slash Ijyb!
Ijyb is severely wounded.
Ijyb hits you but does no damage.
You barely miss Ijyb.
Ijyb is severely wounded.
Ijyb hits you.
* * * LOW HITPOINT WARNING * * *
You closely miss Ijyb.
Ijyb is severely wounded.
Ijyb screams, "I cut your head off!"
Ijyb zaps a wand.
The bolt of acid hits you!
You die...

#.#.#.######.#######
#.#.#.# #.#
#.#.#.######.#######
#>..................
#..............[....
###.#.######....####
#.#.# #....# #
#.#.######....# #
#♣#.#.........# # .
#g#.#.############
....###.#.#.............
.?........#..###########
..........#).#..........
..........#..#...#######
..........#..#...#<....#
.....##.#.#..#...#####.#
#.... #.#.#..#...# #.#


You could see Ijyb.

Vanquished Creatures
  A scorpion (D:4)
  A hound (D:4)
  An orc wizard (D:2)
  Terence (D:2)
  2 worker ants
  4 adders (D:2)
  2 oozes
  2 worms (D:4)
  A dart slug (D:1)
  3 leopard geckos
  3 orcs
  A ball python (D:1)
  2 bats
  5 giant cockroaches
  9 goblins
  7 hobgoblins
  5 jackals (D:4)
  A quokka (D:2)
  4 frilled lizards
  2 kobolds (D:2)
  5 rats
62 creatures vanquished.

Notes
Turn   | Place    | Note
-------+----------+-------------------------------------------
     0 | D:1      | bigdumb the Draconian Fighter began the quest for the Orb.
     0 | D:1      | Reached XP level 1. HP: 19/19 MP: 1/1
   135 | D:1      | Reached XP level 2. HP: 22/26 MP: 2/2
   734 | D:2      | Reached XP level 3. HP: 33/33 MP: 3/3
   943 | D:2      | Found a shadowy altar of Dithmenos.
   965 | D:2      | Noticed Terence
   972 | D:2      | Killed Terence
   973 | D:2      | Reached XP level 4. HP: 39/40 MP: 4/4
  1133 | D:2      | Reached XP level 5. HP: 16/38 MP: 2/5
  1808 | D:2      | Found a sacrificial altar of Ru.
  2818 | D:4      | Reached skill level 1 in Stealth
  2875 | D:4      | Found a radiant altar of Vehumet.
  2877 | D:4      | Found an ancient bone altar of Kikubaaqudgha.
  2877 | D:4      | Found a shimmering blue altar of Sif Muna.
  2883 | D:4      | Identified Sif Muna's Reference Book on Enchantment
  3088 | D:4      | Reached XP level 6. HP: 42/52 MP: 6/6
  3324 | D:4      | Noticed Ijyb
  3338 | D:4      | Killed from afar by Ijyb

Illustrated notes

Levels and vault maps discovered:
D:1:      lightli_arrival_statue_moat, layout_rooms, grunt_decor_cap,
          chequers_decorated_corner
D:2:      layout_basic, nicolae_ru_path_of_blood,
          grunt_dithmenos_smoke_and_mirrors, serial_curves, eino_curves_01,
          eino_curves_03, uniq_terence
D:3:      layout_basic
D:4:      layout_basic, grunt_temple_overflow_magic_moments,
          grunt_ministairs_10, chequers_serial_rivers_micro_a, uniq_menkaure,
          uniq_duvessa, uniq_ijyb

Skill      XL: |  1  2  3  4  5 |
---------------+----------------+-----
Dodging        | 3 |  3.8
Long Blades    | 3 4 |  4.3
Fighting       | 4 |  4.2
Stealth        | 1 |  1.1
Shields        | |  3.8

Action                   |  1- 3 |  4- 6 || total
-------------------------+-------+-------++-------
Melee: Long sword        |    80 |    45 ||   125
       Tailslap          |    13 |    15 ||    28
       Scimitar          |       |    72 ||    72
  Use: Scroll            |     3 |     3 ||     6
       Potion            |     1 |     3 ||     4
 Stab: Sleeping          |       |     1 ||     1
Armor: Skin              |    30 |    27 ||    57
Dodge: Dodged            |    53 |    71 ||   124
Block: Kite shield       |    13 |       ||    13
       Buckler           |    11 |    34 ||    45
       Rpst.: Long sword |    13 |    14 ||    27
       Scimitar          |       |    15 ||    15
